 Dungeon Crawl Stone Soup version 0.16.0-18-g484a79e (webtiles) character file.

118456 HungrySpirit the Severer (level 16, -20/157 HPs)
             Began as a Deep Dwarf Artificer on Mar 22, 2015.
             Was the Champion of Makhleb.
             Killed by Shatter
             ... invoked by Jorgrun
              (61 damage)
             ... on level 2 of the Snake Pit.
             The game lasted 02:00:12 (26062 turns).

HungrySpirit the Severer (Deep Dwarf Artificer)    Turns: 26062, Time: 02:00:13

Health: -20/157    AC: 30    Str: 21    XL:     16   Next: 25%
Magic:  25/25      EV:  6    Int: 14    God:    Makhleb [******]
Gold:   909        SH:  0    Dex: 13    Spells: 0 memorised, 15 levels left

rFire  + + .     SeeInvis +     r - +1 battleaxe (chop)
rCold  + . .     Clarity  .     t - +2 gold dragon armour
rNeg   + . .     SustAb   .     (no shield)
rPois  +         Gourm    .     x - +0 hat
rElec  .         Spirit   .     N - +2 cloak
rCorr  +         Warding  .     M - +0 pair of gloves
rMut   .         Stasis   .     R - +1 pair of boots
MR     ++...                    J - amulet of resist corrosion
Stlth  ..........               y - ring of protection from fire
                                Q - ring of see invisible

@: non-regenerating, very resistant to hostile enchantments, extremely
unstealthy
A: damage resistance, recharge devices, negative energy resistance 1, sense
surroundings 2, slow healing 3
a: Device Recharging, Minor Destruction, Lesser Servant of Makhleb, Major
Destruction, Greater Servant of Makhleb, Renounce Religion


You were on level 2 of the Snake Pit.
You worshipped Makhleb.
Makhleb was exalted by your worship.
You were hungry.

You visited 6 branches of the dungeon, and saw 31 of its levels.

You collected 2729 gold pieces.
You spent 1820 gold pieces at shops.

Inventory:

Hand weapons
 r - a +1 battleaxe of chopping (weapon)
 H - a +5 executioner's axe of freezing
 L - a +4 scimitar of flaming
Armour
 t - a +2 gold dragon armour (worn)
 x - a +0 hat (worn)
 M - a +0 pair of gloves (worn)
 N - a +2 cloak (worn)
 R - a +1 pair of boots (worn)
Jewellery
 a - an uncursed ring of ice
 y - a ring of protection from fire (right hand)
 E - a cursed ring of flight
 G - an uncursed ring of positive energy
 J - an amulet of resist corrosion (around neck)
 Q - a ring of see invisible (left hand)
Magical devices
 f - a wand of heal wounds (4)
 h - a wand of flame (6)
 o - a wand of draining (0)
 u - a wand of disintegration (10)
 A - a wand of cold (0)
 S - a wand of lightning (6)
 Z - a wand of digging (5)
Scrolls
 d - 8 scrolls of fear
 i - 12 scrolls of remove curse
 m - 21 scrolls of identify
 n - 5 scrolls of blinking
 w - 2 scrolls of summoning
 z - 7 scrolls of teleportation
 B - a scroll of brand weapon
 C - 5 scrolls of enchant weapon
 D - 4 scrolls of magic mapping
 F - 5 scrolls of recharging
 T - a scroll of fog
 U - a scroll of enchant armour
 X - a scroll of noise {unknown}
Potions
 c - 3 potions of might
 e - 11 potions of curing
 k - 3 potions of cure mutation
 s - a potion of brilliance
 v - 3 potions of flight
 I - 2 potions of haste
 K - 2 potions of magic
 O - a potion of berserk rage
 P - a potion of restore abilities
 V - a potion of cancellation
 Y - a potion of resistance
Miscellaneous
 j - a phantom mirror
Comestibles
 b - 4 fruits
 g - 15 bread rations
 l - 5 beef jerkies
 p - 11 slices of pizza
 q - 13 meat rations


   Skills:
 + Level 13.2 Fighting
   Level 1.0 Short Blades
 * Level 20.7 Axes
 + Level 15.2 Armour
 - Level 3.2 Dodging
 - Level 1.2 Stealth
   Level 4.2 Shields
 - Level 5.9 Evocations


You had 15 spell levels left.
You didn't know any spells.

Dungeon Overview and Level Annotations

Branches:
Dungeon (15/15)            Temple (1/1) D:4            Lair (8/8) D:8
  Swamp (1/5) Lair:5        Snake (2/5) Lair:5        Slime (0/6) Lair:8
    Orc (4/4) D:9             Elf (0/3) Orc:4        Vaults (0/5) D:14
 Depths (0/5) D:15

Altars:
Ashenzari
Dithmenos
Gozag
Kikubaaqudgha
Makhleb
Okawaru
Qazlal
Ru
Trog
Vehumet
Xom
Yredelemnul
Zin
Beogh

Shops:
D:8 (   D:9 (%(}[   D:11 ((?   Orc:4 ([%(*

Annotations:
Snake:2 Jorgrun


Innate Abilities, Weirdness & Mutations

You are resistant to damage.
You can recharge devices by infusing magical energy.
You resist negative energy.
You passively map the area around you.
You do not heal naturally.


Message History

Unknown command.
Unknown command.
You miss Jorgrun.
Jorgrun is severely wounded.
Jorgrun hits you but does no damage.
Unknown command.
You barely miss Jorgrun.
Jorgrun is severely wounded.
Jorgrun hits you but does no damage.
Unknown command.
You closely miss Jorgrun.
Jorgrun is severely wounded.
Unknown command.
Unknown command.
You slice Jorgrun!!
Jorgrun is severely wounded.
Jorgrun gestures wildly while chanting.
The dungeon rumbles around Jorgrun!
You shudder from the earth-shattering force.
You die...

, ,, , , ... , ,
,......... ,, ,
...........,
............. ,
...............
,, ,
............... *
, ,
............... ,
,
........g.......#
,
.......)@......#*
,
....}.......#.##
..............# ,
.............## *
, ............##
*,............##
* ...........#.
#.........### *
##.......##


You could see Jorgrun.

Vanquished Creatures
  Saint Roka (Orc:4)
  A thorn hunter (Swamp:1)
  Donald (D:14)
  Gastronok (D:11)
  A dire elephant (D:15)
  Snorg (Lair:4)
  2 fire dragons
  Josephine (D:12)
  An ogre mage (D:15)
  2 naga warriors (Snake:1)
  18 hydras
  2 anacondas (Snake:1)
  3 centaur warriors
  Erica (Lair:2)
  2 alligators (Swamp:1)
  The ghost of Antunes the Corrupter of Planes, an experienced HOAK of Lugonu (Lair:1)
  2 tengu warriors (D:14)
  2 orc high priests (Orc:4)
  The ghost of Zigurun the Grappler, an experienced TrHu (Lair:1)
  The ghost of Nydiazath the Thaumaturge, a powerful DEWz of Sif Muna (D:12)
  2 naga sharpshooters (Snake:1)
  Nergalle (D:11)
  4 unseen horrors
  A skeletal warrior (D:14)
  2 swamp dragons (Swamp:1)
  A mana viper (Snake:1)
  3 hill giants
  An oklob plant (D:14)
  8 ugly things
  4 griffons
  4 orc knights
  2 wolf spiders
  3 manticores
  An orb spider (shapeshifter) (D:14)
  4 orc sorcerers
  4 cyclopes
  A salamander (D:15)
  14 elephants
  The ghost of Econoterrorist the Slicer, an experienced DEFi (D:6)
  A guardian serpent (Lair:8)
  Joseph (D:10)
  4 centaur skeletons
  2 kobold demonologists (D:10)
  14 black mambas
  A naga mage (Snake:1)
  2 gargoyles
  A smoke demon (Orc:4)
  21 spiny frogs
  A redback zombie (D:15)
  The ghost of HungrySpirit the Vandal, an experienced HaHu of Okawaru (D:5)
  5 yaktaurs (D:15)
  2 fire drakes
  4 komodo dragons
  A harpy zombie (D:14)
  6 trolls
  9 blink frogs
  A boulder beetle (Lair:4)
  A giant leech (Swamp:1)
  4 two-headed ogres
  A slime creature (Swamp:1)
  2 ravens
  4 bog bodies (Swamp:1)
  7 basilisks
  2 trapdoor spiders
  4 shadows
  A water elemental (D:14)
  27 yaks
  3 hungry ghosts
  A spriggan (D:8)
  3 wyverns
  16 humans (D:14)
  5 wraiths
  A deep elf mage (D:12)
  9 hippogriffs
  Grum (D:10)
  6 vampire mosquitoes
  A steam dragon (Lair:8)
  A warg (Orc:4)
  3 insubstantial wisps (Swamp:1)
  3 swamp worms (Swamp:1)
  Edmund (Orc:1)
  2 soldier ants
  23 wolves
  24 water moccasins
  7 nagas
  8 porcupines
  5 black bears
  3 wasps
  5 spiders (Lair:8)
  An ice beast (D:9)
  11 ogres
  5 swamp drakes
  26 orc warriors
  8 phantoms
  17 centaurs
  2 eyes of draining (D:11)
  5 sky beasts
  2 boring beetles
  3 big kobolds
  16 crocodiles
  31 giant frogs
  2 gnoll sergeants
  A wyvern skeleton (D:12)
  3 killer bees (D:8)
  4 scorpions
  8 wights
  A spectral centaur (D:10)
  5 crimson imps
  2 giant frog zombies
  5 goliath beetles
  10 hounds
  An electric eel (Lair:4)
  5 jellies
  8 iguanas
  A quasit (D:10)
  35 orc priests
  4 centaur zombies
  2 giant frog skeletons
  31 orc wizards
  12 sheep
  14 worker ants
  2 hound zombies
  3 hound skeletons (D:10)
  A mummy (D:13)
  27 adders
  11 gnolls
  28 river rats
  2 white imps (D:10)
  7 shadow imps
  4 worms
  An ufetubus (D:10)
  2 adder zombies
  An adder skeleton (D:9)
  4 giant geckos
  5 oozes
  192 orcs
  15 bats
  A bat skeleton (D:5)
  6 giant cockroaches
  18 goblins
  18 hobgoblins
  7 jackals
  10 quokkas
  A ball python (D:1)
  2 giant gecko skeletons
  2 giant newts
  2 giant spores
  50 kobolds
  A kobold zombie (D:5)
  10 rats
  3 spectral orcs (D:11)
  9 ballistomycetes
  12 fungi
  38 plants
1143 creatures vanquished.

Vanquished Creatures (collateral kills)
  An orc (D:3)
1 creature vanquished.

Vanquished Creatures (others)
  A cyclops (D:6)
  A naga (Snake:2)
  An orc warrior (D:6)
  An iguana (D:6)
  3 adders
  2 giant spores
  2 goblins (D:6)
  A jackal (D:6)
  A kobold (D:6)
  A rat (D:6)
  A fungus (Lair:8)
  A plant (D:15)
16 creatures vanquished.

Grand Total: 1160 creatures vanquished

Notes
Turn   | Place    | Note
--------------------------------------------------------------
     0 | D:1      | HungrySpirit, the Deep Dwarf Artificer, began the quest for the Orb.
     0 | D:1      | Reached XP level 1. HP: 16/16 MP: 1/1
    17 | D:1      | Reached skill level 1 in Fighting
   182 | D:1      | Reached XP level 2. HP: 13/25 MP: 3/3
   982 | D:2      | Reached XP level 3. HP: 9/32 MP: 5/5
  1882 | D:3      | Found a shadowy altar of Dithmenos.
  1997 | D:3      | Reached XP level 4. HP: 13/40 MP: 7/7
  2057 | D:3      | Found a bloodstained altar of Trog.
  2085 | D:3      | Reached skill level 1 in Short Blades
  2370 | D:4      | Reached skill level 5 in Evocations
  2371 | D:4      | Reached skill level 1 in Axes
  2371 | D:4      | Reached skill level 1 in Armour
  2371 | D:4      | Reached XP level 5. HP: 14/48 MP: 9/9
  2400 | D:4      | Found a staircase to the Ecumenical Temple.
  2423 | Temple   | Entered the Ecumenical Temple
  2439 | Temple   | Became a worshipper of Makhleb the Destroyer
  2708 | D:4      | Noticed a big kobold
  2733 | D:4      | Killed a big kobold
  2733 | D:4      | Reached XP level 6. HP: 28/55 MP: 11/11
  2744 | D:4      | Acquired Makhleb's first power
  3006 | D:4      | Acquired Makhleb's second power
  3242 | D:5      | Entered Level 5 of the Dungeon
  3302 | D:5      | Found a basalt altar of Yredelemnul.
  3369 | D:5      | Reached XP level 7. HP: 18/62 MP: 13/13
  3418 | D:5      | Noticed HungrySpirit's ghost (experienced HaHu)
  3492 | D:5      | Killed HungrySpirit's ghost
  3492 | D:5      | Reached skill level 5 in Axes
  4213 | D:6      | Found a shimmering altar of Xom.
  4213 | D:6      | Noticed a cyclops
  4218 | D:6      | Noticed Econoterrorist's ghost (experienced DEFi)
  4229 | D:6      | Killed Econoterrorist's ghost
  4229 | D:6      | Reached skill level 6 in Axes
  4229 | D:6      | Reached XP level 8. HP: 67/73 MP: 15/15
  4239 | D:6      | Killed a cyclops
  4340 | D:6      | Reached skill level 7 in Axes
  4483 | D:6      | Acquired Makhleb's third power
  4565 | D:6      | Reached skill level 5 in Armour
  4711 | D:6      | Reached skill level 5 in Fighting
  4812 | D:6      | Reached skill level 8 in Axes
  4975 | D:6      | Gained mutation: You passively map the area around you. [level up]
  4975 | D:6      | Reached XP level 9. HP: 21/81 MP: 17/17
  5248 | D:7      | Acquired Makhleb's fourth power
  5344 | D:7      | Reached skill level 9 in Axes
  5493 | D:7      | Reached skill level 1 in Shields
  6323 | D:8      | Found a staircase to the Lair.
  6323 | D:8      | Noticed an elephant
  6344 | D:8      | Killed an elephant
  6344 | D:8      | Acquired Makhleb's fifth power
  6344 | D:8      | Reached skill level 10 in Axes
  6413 | D:8      | Reached XP level 10. HP: 37/92 MP: 18/18
  6508 | D:8      | Found Uxaogg's Antique Weapon Boutique.
  6559 | D:8      | Bought a runed hand axe for 84 gold pieces
  7099 | D:9      | Found Titseqoa's Antique Weapon Shoppe.
  7253 | D:9      | Found Ysatoil's Food Shoppe.
  7406 | D:9      | Found Schiathri's Antique Weapon Shoppe.
  7412 | D:9      | Found Mniteckehoi's Gadget Shop.
  7426 | D:9      | Bought a runed executioner's axe for 300 gold pieces
  7482 | D:9      | Found Vaoziogriff's Antique Armour Emporium.
  7502 | D:9      | Found a staircase to the Orcish Mines.
  7523 | D:10     | Entered Level 10 of the Dungeon
  7537 | D:10     | Noticed Grum
  7547 | D:10     | Reached skill level 11 in Axes
  7585 | D:10     | Killed Grum
  7601 | D:10     | Killed an unseen horror
  7862 | D:10     | Reached skill level 12 in Axes
  7878 | D:10     | Reached XP level 11. HP: 58/102 MP: 20/20
  8038 | D:10     | Noticed Joseph
  8048 | D:10     | Killed Joseph
  8483 | D:11     | Found Oda Nuor's Magic Scroll Emporium.
  8490 | D:11     | Bought 2 scrolls of fear for 91 gold pieces
  8490 | D:11     | Bought a scroll of enchant armour for 97 gold pieces
  8599 | D:11     | Found Schaefor's Antique Weapon Shop.
  8703 | D:11     | Noticed Nergalle
  8735 | D:11     | Killed Nergalle
  8740 | D:11     | Found Carucokh's Antique Weapon Boutique.
  8753 | D:11     | Reached skill level 13 in Axes
  8903 | D:11     | Noticed Gastronok
  8934 | D:11     | Killed Gastronok
  9428 | Lair:1   | Entered Level 1 of the Lair of Beasts
  9669 | Lair:1   | Reached skill level 10 in Armour
  9725 | Lair:1   | Noticed Zigurun's ghost (experienced TrHu)
  9741 | Lair:1   | Killed Zigurun's ghost
  9820 | Lair:1   | Noticed Antunes' ghost (experienced HOAK)
  9857 | Lair:1   | Killed Antunes' ghost
  9857 | Lair:1   | Reached XP level 12. HP: 47/114 MP: 21/21
  9941 | Lair:1   | Reached skill level 14 in Axes
 10481 | Lair:2   | Noticed Erica
 10491 | Lair:2   | Killed Erica
 11255 | Lair:3   | Reached skill level 15 in Axes
 11269 | Lair:3   | Reached skill level 10 in Fighting
 11754 | Lair:3   | Noticed a six-headed hydra
 11762 | Lair:3   | Killed a three-headed hydra
 11891 | Lair:4   | Noticed an eight-headed hydra
 11899 | Lair:4   | Killed a seven-headed hydra
 11899 | Lair:4   | Reached XP level 13. HP: 99/123 MP: 22/22
 12010 | Lair:4   | Noticed Snorg
 12020 | Lair:4   | Killed Snorg
 12528 | Lair:4   | Reached skill level 16 in Axes
 12702 | Lair:5   | Found a staircase to the Swamp.
 13080 | Lair:5   | Found a staircase to the Snake Pit.
 13218 | Lair:5   | Found an iron altar of Okawaru.
 14165 | Lair:6   | Identified the Almanac of the Arsonist
 14632 | Lair:7   | Reached skill level 17 in Axes
 15856 | Lair:8   | Entered Level 8 of the Lair of Beasts
 15939 | Lair:8   | Gained mutation: You resist negative energy. [level up]
 15939 | Lair:8   | Reached XP level 14. HP: 130/135 MP: 23/23
 16113 | Lair:8   | Found a staircase to the Slime Pits.
 17340 | Orc:1    | Entered Level 1 of the Orcish Mines
 17344 | Orc:1    | Noticed Edmund
 17352 | Orc:1    | Killed Edmund
 17352 | Orc:1    | Reached skill level 18 in Axes
 18910 | Orc:4    | Entered Level 4 of the Orcish Mines
 18933 | Orc:4    | Found a roughly hewn altar of Beogh.
 18933 | Orc:4    | Found Pniutofa's Assorted Antiques.
 18963 | Orc:4    | Bought a glowing cloak for 126 gold pieces
 19037 | Orc:4    | Found a roughly hewn altar of Beogh.
 19085 | Orc:4    | Found a roughly hewn altar of Beogh.
 19139 | Orc:4    | Found a staircase to the Elven Halls.
 19151 | Orc:4    | Found Ashe The's Weapon Boutique.
 19240 | Orc:4    | Found a roughly hewn altar of Beogh.
 19240 | Orc:4    | Found Skomato's Food Shoppe.
 19493 | Orc:4    | Noticed Saint Roka
 19539 | Orc:4    | Killed Saint Roka
 19665 | Orc:4    | Found a roughly hewn altar of Beogh.
 19686 | Orc:4    | Found a roughly hewn altar of Beogh.
 19820 | Orc:4    | Found Irphao's Antique Weapon Boutique.
 19820 | Orc:4    | Found a roughly hewn altar of Beogh.
 19822 | Orc:4    | Found Casokoi's Antique Armour Shop.
 19829 | Orc:4    | Bought a runed cloak for 130 gold pieces
 19829 | Orc:4    | Bought a runed robe for 20 gold pieces
 19829 | Orc:4    | Bought a pair of embroidered boots for 130 gold pieces
 20031 | Orc:4    | Bought a large bronze ring for 140 gold pieces
 20031 | Orc:4    | Bought a short bone wand for 112 gold pieces
 20031 | Orc:4    | Bought a scroll of enchant armour for 210 gold pieces
 20031 | Orc:4    | Bought a scroll of identify for 56 gold pieces
 20166 | D:11     | Bought a scroll of identify for 26 gold pieces
 20166 | D:11     | Bought a scroll of identify for 26 gold pieces
 20166 | D:11     | Bought a scroll of recharging for 123 gold pieces
 20166 | D:11     | Bought a scroll of identify for 26 gold pieces
 20166 | D:11     | Bought a scroll of identify for 26 gold pieces
 20166 | D:11     | Bought a scroll of blinking for 97 gold pieces
 20234 | D:12     | Noticed Josephine
 20241 | D:12     | Killed Josephine
 20648 | D:12     | Noticed Nydiazath's ghost (powerful DEWz)
 20663 | D:12     | Killed Nydiazath's ghost
 21506 | D:13     | Reached XP level 15. HP: 144/144 MP: 24/24
 21846 | D:14     | Found a gate to the Vaults.
 21846 | D:14     | Noticed Donald
 21852 | D:14     | Reached skill level 19 in Axes
 21860 | D:14     | Killed Donald
 21930 | D:14     | Found a sacrificial altar of Ru.
 22134 | D:14     | Upgraded the game from 0.16.0-17-g811c1d7 to 0.16.0-18-g484a79e
 22284 | D:14     | Found a shimmering altar of Xom.
 22371 | D:14     | Identified the Tome of Beguiling
 22603 | D:15     | Entered Level 15 of the Dungeon
 23775 | D:15     | Found a staircase to the Depths.
 24049 | D:15     | Reached skill level 20 in Axes
 24783 | Swamp:1  | Entered Level 1 of the Swamp
 24867 | Swamp:1  | Noticed a thorn hunter
 24884 | Swamp:1  | Killed a thorn hunter
 24891 | Swamp:1  | Reached XP level 16. HP: 98/156 MP: 25/25
 24894 | Swamp:1  | Reached skill level 15 in Armour
 24939 | Swamp:1  | Found an ancient bone altar of Kikubaaqudgha.
 25296 | Snake:1  | Entered Level 1 of the Snake Pit
 25390 | Snake:1  | Found an ancient bone altar of Kikubaaqudgha.
 26038 | Snake:2  | Noticed Jorgrun
 26062 | Snake:2  | Killed from afar by Jorgrun

Action                   |  1- 3 |  4- 6 |  7- 9 | 10-12 | 13-15 | 16-18 || total
-------------------------+-------+-------+-------+-------+-------+-------++-------
Melee: Short sword       |   148 |       |       |       |       |       ||   148
       Hand axe          |     7 |   291 |   398 |   401 |       |       ||  1097
       War axe           |       |       |    26 |   232 |       |       ||   258
       Battleaxe         |       |       |       |   195 |  1370 |   217 ||  1782
       Scimitar          |       |       |       |     7 |    59 |    10 ||    76
Evoke: Wand              |     5 |     7 |     4 |     6 |    26 |       ||    48
  Use: Potion            |       |       |    10 |     4 |     2 |       ||    16
       Scroll            |       |       |     7 |    14 |    10 |     1 ||    32
 Stab: Confused          |       |       |       |       |       |     1 ||     1
  Eat: Chunk             |     3 |     5 |     9 |    17 |    28 |     4 ||    66
       Royal jelly       |       |       |     1 |       |     3 |       ||     4
       Fruit             |       |       |       |     5 |       |       ||     5
       Meat ration       |       |       |       |       |     1 |       ||     1
